 Dungeon Crawl Stone Soup version 0.28.0-49-g6dfe1f597d (console) character file.

Game seed: 13478861208866167510

2568 Faeu the Cleaver (level 9, -4/82 HPs)
             Began as a Minotaur Berserker on May 14, 2022.
             Was an Elder of Trog.
             Slain by a swamp worm (5 damage)
             ... on level 7 of the Dungeon.
             The game lasted 00:22:35 (6731 turns).

Faeu the Cleaver (Minotaur Berserker)               Turns: 6731, Time: 00:22:36

Health: -4/82      AC: 10    Str: 25    XL:     9   Next: 31%
Magic:  8/8        EV: 11    Int:  4    God:    Trog [****..]
Gold:   280        SH:  0    Dex: 11    Spells: 8/8 levels left

rFire   . . .      SeeInvis +   t - +9 war axe {spect, rElec SInv Stlth+, axe}
rCold   + . .      Faith    .   (no shield)
rNeg    . . .      Spirit   .   D - +0 chain mail
rPois   .          Reflect  .   (helmet restricted)
rElec   +          Harm     .   (no cloak)
rCorr   .          Rampage  .   (no gloves)
Will    .....                   (no boots)
Stlth   ..........              (no amulet)
HPRegen 0.23/turn               d - ring of protection from cold
MPRegen 0.11/turn               u - ring of see invisible

@: very slow
A: horns 2, retaliatory headbutt
a: Renounce Religion, Berserk, Trog's Hand, Brothers in Arms


You were on level 7 of the Dungeon.
You worshipped Trog.
Trog was greatly pleased with you.
You visited 1 branch of the dungeon, and saw 7 of its levels.

You collected 280 gold pieces.


Innate Abilities, Weirdness & Mutations

You have a pair of horns on your head.
You reflexively headbutt those who attack you in melee.


   Skills:
 + Level 8.4 Fighting
 + Level 8.5 Axes
 + Level 8.0 Armour
 + Level 7.2 Dodging


You had 8 spell levels left.
You didn't know any spells.
Your spell library contained the following spells:

 Spells                   Type           Power      Damage    Failure   Level
 Sandblast                Erth           0%         2d4       97%         1
 Sting                    Tmut/Pois      0%         1d3       97%         1
 Passwall                 Tmut/Erth      0%         N/A       99%         2
 Poisonous Vapours        Pois/Air       0%         N/A       99%         2
 Stone Arrow              Conj/Erth      0%         3d7       100%        3
 Olgreb's Toxic Radiance  Pois           0%         N/A       100%        4

Inventory:

Hand Weapons
 a - a +0 hand axe {axe}
 f - a +4 short sword of freezing {short}
   (You took it off Terence on level 2 of the Dungeon)
 t - the +9 war axe of Noon (weapon) {spect, rElec SInv Stlth+, axe}
   (You found it on level 5 of the Dungeon)

   When its wielder attacks, the weapon's spirit leaps out and strikes again.
   The spirit shares a part of any damage it takes with its wielder.
   rElec:     It insulates you from electricity.
   SInv:      It lets you see invisible.
   Stlth:     It makes you more stealthy.
Missiles
 k - 5 poisoned darts (quivered) {throwing}
Armour
 b - a +0 animal skin
 g - a +0 scale mail
   (You took it off Terence on level 2 of the Dungeon)
 D - a +0 chain mail (worn)
   (You found it on level 3 of the Dungeon)
Jewellery
 d - a ring of protection from cold (left hand)
   (You found it on level 2 of the Dungeon)
 l - a ring of magical power
   (You found it on level 3 of the Dungeon)
 o - a ring of positive energy
   (You found it on level 4 of the Dungeon)
 u - a ring of see invisible (right hand)
   (You found it on level 5 of the Dungeon)
Wands
 j - a wand of flame (20)
   (You took it off Natasha on level 2 of the Dungeon)
 z - a wand of iceblast (6)
   (You found it on level 5 of the Dungeon)
Scrolls
 c - 2 scrolls of vulnerability {unknown}
 e - 3 scrolls of identify {unknown}
 r - a scroll of torment {unknown}
 s - 4 scrolls of enchant weapon {unknown}
 x - a scroll of magic mapping {unknown}
 y - 3 scrolls of teleportation {unknown}
 B - a scroll of noise {unknown}
 C - 2 scrolls of acquirement {unknown}
 E - a scroll of immolation {unknown}
Potions
 h - 2 potions of curing {unknown}
 i - a potion of ambrosia {unknown}
 m - a potion of berserk rage {unknown}
 n - 3 potions of flight {unknown}
 p - 2 potions of heal wounds {unknown}
 q - a potion of brilliance
 v - a potion of resistance {unknown}
 w - 3 potions of haste {unknown}
 A - a potion of attraction {unknown}

Dungeon Overview and Level Annotations

Branches:
Dungeon (7/15)             Temple (0/1) D:6

Altars:
Dithmenos
Elyvilon
Fedhas
Gozag
Nemelex Xobeh
Wu Jian
Yredelemnul

Shops:
D:1 *   D:2 (=   D:3 [=(? D:6

: ####### ≈≈≈≈... ..#
≈≈≈≈.## #.# # ≈≈≈≈###
#.# ###$###≈≈≈.# #.#
##≈≈≈≈≈#§≈≈.# #.#
#≈≈≈≈≈w@(≈≈?###.#
##≈≈≈≈≈#≈≈≈.....###.###
###≈###≈≈≈...))......#
# #≈≈≈≈#####)##.##.#
≈≈≈≈### #)##.##.# ≈≈≈≈#
#.##.##.# ####
#.##.##.# #.##.##.##
#######.##.##... #####
...........#....
##...##
................


You could see a swamp worm and a friendly +9 war axe of Noon {spect, rElec SInv
Stlth+, axe} (summoned).


Message History

The orc barely misses you. You furiously retaliate!
You headbutt the orc!
You kill the orc!
Trog accepts your kill.
The orc warrior shouts!
You hear a shout!
Something bites the plant!
The plant begins to die.
Things that are here:
a +0 club {mace}; an orc corpse The orc barely misses you.
You slash the orc warrior!
You headbutt the orc warrior, but do no damage.
The orc barely misses you.
You slice the orc warrior!!
You kill the orc warrior!
Trog accepts your kill. The orc completely misses you.
Your Armour skill increases to level 8!
The orc hits you with a +0 trident. The orc completely misses you.
Things that are here:
a +0 long sword {long}; a +0 chain mail; 😕 HP[-3]
You take 3 damage, and now have 79/82 hp.
You slice the orc!!
You kill the orc!
Trog accepts your kill.
An orc comes into view. It is wielding a +0 mace.
The orc hits you from afar with a +0 trident. 😕 HP[-6]
You take 6 damage, and now have 73/82 hp.
The orc closely misses you. You furiously retaliate!
You headbutt the orc!
You kill the orc!
Trog accepts your kill. The orc hits you with a +0 trident.
You see here a +0 trident {polearm}. 😕 HP[-4]
You take 4 damage, and now have 69/82 hp.
You slash the orc!
You kill the orc!
Trog accepts your kill.
You see here a +0 trident {polearm}.
Things that are here:
a +0 mace {mace}; a +0 club {mace}; an orc corpse You see here a +0 trident {polearm}. 😕 HP[+1]
You see here a +0 trident {polearm}.
Things that are here:
a +0 long sword {long}; a +0 chain mail 😕 HP[+1]
Things that are here:
a +0 long sword {long}; a +0 chain mail You see here a +0 trident {polearm}.
Things that are here:
a +0 mace {mace}; a +0 club {mace}; an orc corpse A swamp worm comes into view.
You enter the shallow water.
Moving in this stuff is going to be slow. 😎 HP[+11]
The swamp worm fires a harpoon shot at you.
The harpoon shot hits you!
You are yanked forward by the harpoon shot.
Splash!
You fall into the shallow water.
Moving in this stuff is going to be slow. 😕 HP[-17]
You take 17 damage, and now have 65/82 hp.
MASSIVE DAMAGE!! (PAUSE)
Your unstable footing causes you to fumble your attack.
The swamp worm bites you!!
The swamp worm barely misses you. 😮 HP[-20]
You take 20 damage, and now have 45/82 hp.
MASSIVE DAMAGE!! (PAUSE)
You closely miss the swamp worm. Your headbutt misses the swamp worm.
You slash the plant!
The plant begins to die.
You slash the plant!
The plant begins to die.
Your +9 war axe of Noon {spect, rElec SInv Stlth+, axe} hits the plant! x2
The swamp worm bites you!
* * * LOW HITPOINT WARNING * * *
😨 HP[-9]
You take 9 damage, and now have 36/82 hp.
You hit the swamp worm. You hit the plant. x2
Your +9 war axe of Noon {spect, rElec SInv Stlth+, axe} hits the plant!
Your +9 war axe of Noon {spect, rElec SInv Stlth+, axe} hits the plant!!
The swamp worm bites you!
* * * LOW HITPOINT WARNING * * *
😨 HP[-13]
You take 13 damage, and now have 23/82 hp.
You swap places.
A nearby plant withers and dies.
The swamp worm fires a harpoon shot at you.
The harpoon shot hits you.
* * * LOW HITPOINT WARNING * * *
You are yanked forward by the harpoon shot.
Splash!
The swamp worm bites you!
* * * LOW HITPOINT WARNING * * *
😱 HP[-16]
You take 16 damage, and now have 7/82 hp.
You slice the swamp worm!! You hit the plant.
Your +9 war axe of Noon {spect, rElec SInv Stlth+, axe} hits the plant!!
A nearby plant withers and dies.
The swamp worm bites you.
* * * LOW HITPOINT WARNING * * *
The swamp worm bites you.
You die...

Skill      XL: |  1  2  3  4  5  6  7  8  9 |
---------------+----------------------------+-----
Fighting       | 4 5 6 7 8 |  8.4
Axes           | 4 5 6 7 8 |  8.5
Armour         | 3 4 5 6 7 8 |  8.0
Dodging        | 3 4 5 6 7 |  7.2

Action                   |  1- 3 |  4- 6 |  7- 9 || total
-------------------------+-------+-------+-------++-------
Melee: Hand axe          |    43 |   181 |    25 ||   249
       Headbutt          |     3 |    33 |    21 ||    57
       Punch             |       |     1 |     2 ||     3
       War axe           |       |       |    90 ||    90
       Short sword       |       |       |    12 ||    12
Invok: Berserk           |     1 |     3 |     2 ||     6
Armor: Animal skin       |     6 |     3 |       ||     9
       Scale mail        |       |    48 |    26 ||    74
       Chain mail        |       |       |    20 ||    20
Dodge: Dodged            |    30 |    72 |    73 ||   175

Levels and vault maps discovered:
D:1:      dpeg_arrival_radiant, layout_basic, serial_shops, shop
D:2:      layout_basic, ebering_ecumenical_altar_hall, serial_shops, shop,
          nicolae_shop_trees, nicolae_shop_competitors_out_of_business,
          uniq_natasha, uniq_jessica, uniq_terence, uniq_robin
D:3:      layout_rooms, mainiacjoe_overflow_tiny_flanked, minitemple,
          serial_shops, nicolae_shop_advertising_works
          [nicolae_subvault_shop_adworks], shop, shop, shop
D:4:      layout_cave_pools, lemuel_zombie_altar_yredelemnul,
          grunt_dithmenos_smoke_and_mirrors
D:5:      layout_basic, minmay_fractal_squares_gapless_5
D:6:      layout_basic, mainiacjoe_overflow_boulevard, minmay_temple_entry_mist,
          nicolae_shop_self_help
D:7:      layout_loops_ring, fedhas_bush_and_centaur_altar,
          gammafunk_temple_overflow_wave, kennysheep_diamond, worms_lemuel

Notes
Turn   | Place    | Note
-------+----------+-------------------------------------------
     0 | D:1      | Faeu the Minotaur Berserker began the quest for the Orb.
     0 | D:1      | Reached XP level 1. HP: 19/19 MP: 0/0
     0 | D:1      | magus.rc [v1.9.6]
   239 | D:1      | Found Zymmysav's Assorted Antiques.
   260 | D:1      | Reached XP level 2. HP: 18/27 MP: 1/1
   727 | D:1      | Reached skill level 4 in Fighting
   727 | D:1      | Reached skill level 4 in Axes
   849 | D:2      | Reached skill level 3 in Armour
   849 | D:2      | Reached XP level 3. HP: 21/33 MP: 2/2
   864 | D:2      | Reached ** piety under Trog
   978 | D:2      | You add the spells Sting, Poisonous Vapours and Olgreb's
                  | Toxic Radiance to your library.
  1023 | D:2      | Noticed Jessica
  1029 | D:2      | Killed Jessica
  1030 | D:2      | Reached skill level 3 in Dodging
  1030 | D:2      | Reached XP level 4. HP: 41/41 MP: 3/3
  1172 | D:2      | Found Dynlyl's Jewellery Boutique.
  1203 | D:2      | Noticed Natasha
  1205 | D:2      | Found Couki's Antique Weapon Boutique.
  1208 | D:2      | Killed Natasha
  1245 | D:2      | Noticed Terence
  1457 | D:2      | Killed Terence
  1515 | D:2      | Found Vuhesm's Antique Weapon Boutique.
  1522 | D:2      | Noticed Natasha
  1542 | D:2      | Killed Natasha
  1543 | D:2      | Reached XP level 5. HP: 37/47 MP: 4/4
  1560 | D:2      | Noticed Natasha
  1568 | D:2      | Killed Natasha
  1569 | D:2      | Reached skill level 4 in Armour
  1765 | D:2      | Found a faded altar of an unknown god.
  1901 | D:2      | Reached skill level 5 in Axes
  2091 | D:3      | Found Fotsi's Armour Boutique.
  2310 | D:3      | Reached skill level 5 in Fighting
  2345 | D:3      | Reached XP level 6. HP: 27/56 MP: 5/5
  2590 | D:3      | Found Ebyo's Weapon Shoppe.
  2646 | D:3      | Found Vucaod's Magic Scroll Shop.
  2720 | D:3      | Reached skill level 4 in Dodging
  2961 | D:3      | Found an ornate altar of the Wu Jian Council.
  2969 | D:3      | You pick up a book of Geomancy {forbidden} and begin
                  | reading...
  2969 | D:3      | You add the spells Sandblast, Passwall and Stone Arrow to
                  | your library.
  3018 | D:3      | Found Onetod's Jewellery Shoppe.
  3076 | D:3      | Found an opulent altar of Gozag.
  3086 | D:3      | Found a white marble altar of Elyvilon.
  3159 | D:4      | Found a shadowy altar of Dithmenos.
  3310 | D:4      | Reached *** piety under Trog
  3658 | D:4      | Reached skill level 5 in Armour
  3658 | D:4      | Reached XP level 7. HP: 57/62 MP: 6/6
  3722 | D:4      | Found a basalt altar of Yredelemnul.
  3804 | D:4      | Reached skill level 6 in Axes
  3809 | D:4      | HP: 21/93 [black bear (3)]
  3811 | D:4      | Reached skill level 6 in Fighting
  4095 | D:5      | Entered Level 5 of the Dungeon
  4100 | D:5      | Reached skill level 5 in Dodging
  4140 | D:5      | Identified the +9 war axe of Noon {spect, rElec SInv
                  | Stlth+}
  4304 | D:5      | Reached skill level 6 in Armour
  4399 | D:5      | Reached XP level 8. HP: 71/71 MP: 7/7
  4544 | D:5      | Reached skill level 7 in Axes
  4931 | D:6      | Found a sparkling altar of Nemelex Xobeh.
  5448 | D:6      | Reached skill level 7 in Fighting
  5559 | D:6      | Found a staircase to the Ecumenical Temple.
  5570 | D:6      | Reached skill level 6 in Dodging
  5602 | D:6      | Reached skill level 7 in Armour
  6152 | D:6      | Found Kisotz Pyet's Self-Improvement Boutique.
  6304 | D:6      | Reached XP level 9. HP: 78/79 MP: 8/8
  6419 | D:7      | Reached skill level 8 in Fighting
  6419 | D:7      | Reached skill level 8 in Axes
  6461 | D:7      | Reached skill level 7 in Dodging
  6512 | D:7      | Reached **** piety under Trog
  6591 | D:7      | Found a blossoming altar of Fedhas.
  6656 | D:7      | Reached skill level 8 in Armour
  6730 | D:7      | HP: 7/82 [swamp worm (15)]
  6731 | D:7      | HP: 1/82 [swamp worm (6)]
  6731 | D:7      | Slain by a swamp worm

Vanquished Creatures
  A steam dragon (D:6)
  An acid dragon (D:6)
  2 orc warriors (D:7)
  An ice beast (D:5)
  2 sky beasts
  A necrophage (D:7)
  2 black bears
  2 ogres
  2 centaurs
  A phantom (D:4)
  A bullfrog (D:7)
  A scorpion (D:4)
  A water moccasin skeleton (D:5)
  6 wights
  A howler monkey (D:6)
  A bullfrog zombie (D:5)
  4 hounds (D:5)
  2 bullfrog skeletons
  A jelly (D:4)
  Jessica (D:2)
  An iguana (D:5)
  Natasha (thrice) (D:2)
  3 orc wizards
  Terence (D:2)
  A hound zombie (D:4)
  A howler monkey zombie (D:5)
  4 gnolls (D:3)
  10 adders
  A white imp (D:7)
  An ufetubus (D:4)
  An adder zombie (D:4)
  2 worms
  3 dart slugs
  21 orcs
  7 ball pythons
  8 endoplasms
  2 giant cockroaches
  14 goblins
  10 hobgoblins
  4 kobolds
  3 quokkas
  2 bats
  A frilled lizard (D:2)
  3 rats
141 creatures vanquished.

Vanquished Creatures (others)
  4 plants (D:7)
4 creatures vanquished.

Grand Total: 145 creatures vanquished

Table legend:
 A = Non-vault XP
 B = Vault XP
 C = Vault XP percentage of total XP
 D = Non-vault monster count
 E = Vault monster count
 F = Vault count percentage of total count
                 A         B        C        D         E       F
            +---------+---------+-------+---------+---------+-------
      Total |    3075 |     594 |  16.2 |     120 |      21 |  14.9
            +---------+---------+-------+---------+---------+-------
        D:1 |      34 |       4 |  10.5 |      17 |       2 |  10.5
        D:2 |     142 |     117 |  45.2 |      16 |      10 |  38.5
        D:3 |     196 |       0 |   0.0 |      27 |       0 |   0.0
        D:4 |     508 |      26 |   4.9 |      14 |       2 |  12.5
        D:5 |     702 |     130 |  15.6 |      22 |       4 |  15.4
        D:6 |     944 |       0 |   0.0 |      10 |       0 |   0.0
        D:7 |     549 |     317 |  36.6 |      14 |       3 |  17.6
            +---------+---------+-------+---------+---------+-------

Illustrated notes

Table legend:
 A = Kills in this place as a percentage of kills in entire the game.
 B = Kills by you in this place as a percentage of kills by you in the entire game.
 C = Kills by friends in this place as a percentage of kills by friends in the entire game.
 D = Other kills in this place as a percentage of other kills in the entire game.
 E = Experience gained in this place as a percentage of experience gained in the entire game.
 F = Experience gained in this place divided by the number of levels of this place that you have seen.
                   A       B       C       D       E      F
               +-------+-------+-------+-------+-------+----------------------
         Total | 100.0 | 100.0 |   N/A |   N/A | 100.0 | 524.1
       Dungeon | 100.0 | 100.0 |   N/A |   N/A | 100.0 | 524.1
               +-------+-------+-------+-------+-------+----------------------

Table legend: (Time is in decaauts)
 A = Elapsed time spent in this place.
 B = Non-inter-level travel time spent in this place.
 C = Inter-level travel time spent in this place.
 D = Time resting spent in this place.
 E = Time spent auto-exploring this place.
 F = Levels seen in this place.
 G = Mean time per level.
                   A        B        C        D        E       F      G
               +--------+--------+--------+--------+--------+-----+--------+
         Total |   6832 |   6545 |    287 |   1253 |   3257 |   7 |  976.0 |
       Dungeon |   6832 |   6545 |    287 |   1253 |   3257 |   7 |  976.0 |
               +--------+--------+--------+--------+--------+-----+--------+

Top non-repeatable levels by time:
     D:6: 1161 daAuts
     D:2: 1153 daAuts
     D:3: 1143 daAuts
     D:4: 1042 daAuts
     D:5: 1019 daAuts
     D:1: 959 daAuts
     D:7: 352 daAuts
